 Dungeon Crawl Stone Soup version 0.28-a0-1152-g9c71ebef14 (webtiles) character file.

Game seed: 2973841069190803128

32 mandarbmax the Ruffian (level 3, -1/36 HPs)
             Began as a Troll Cinder Acolyte on Dec 14, 2021.
             Was a High Priest of Ignis.
             Slain by Terence (10 damage)
             ... on level 2 of the Dungeon.
             The game lasted 00:02:30 (974 turns).

mandarbmax the Ruffian (Troll Cinder Acolyte)        Turns: 974, Time: 00:02:31

Health: -1/36      AC:  4    Str: 22    XL:     3   Next: 10%
Magic:  0/3        EV:  9    Int: 12    God:    Ignis [*****.]
Gold:   21         SH:  0    Dex:  5    Spells: 2/4 levels left

rFire   + + .      SeeInvis .     - Unarmed
rCold   x . .      Faith    .   (no shield)
rNeg    . . .      Spirit   .   a - +0 robe
rPois   .          Reflect  .   (helmet restricted)
rElec   .          Harm     .   (no cloak)
rCorr   .          Rampage  .   (gloves unavailable)
Will    .....                   (boots unavailable)
Stlth   +.........              (no amulet)
HPRegen 0.92/turn               d - ring of fire
MPRegen 0.08/turn               g - ring of wizardry

@: no status effects
A: large, unfitting armour, claws 3, regeneration 1, shaggy fur 1, tough skin 1
a: Renounce Religion, Fiery Armour, Foxfire Swarm, Rising Flame


You were on level 2 of the Dungeon.
You worshipped Ignis.
Ignis was extremely pleased with you.
You visited 1 branch of the dungeon, and saw 2 of its levels.

You collected 21 gold pieces.

Inventory:

Armour
 a - a +0 robe (worn)
 b - a +0 tower shield
Jewellery
 d - a ring of fire (left claw)
 g - a ring of wizardry (right claw)
Scrolls
 f - a scroll of teleportation {unknown}
 h - a scroll of identify {unknown}
Potions
 e - a potion of might {unknown}


   Skills:
 + Level 2.8 Fighting
 * Level 3.9 Unarmed Combat
 - Level 1.0 Spellcasting
 - Level 2.1 Fire Magic


You had 2 spell levels left.
You knew the following spells:

 Your Spells              Type           Power      Damage    Failure   Level
a - Scorch                Fire           16%        2d5       8%          2

Your spell library contained the following spells:

 Spells                   Type           Power      Damage    Failure   Level
 Shock                    Conj/Air       0%         1d3       12%         1
 Swiftness                Air            0%         N/A       32%         3
 Airstrike                Air            0%         N/A       71%         4
 Iskenderun's Battlesphe  Conj           0%         2d6       96%         5
 Iron Shot                Conj/Erth      0%         9d1       100%        6
 Spellforged Servitor     Conj/Summ      0%         N/A       100%        7


Dungeon Overview and Level Annotations

Branches:
Dungeon (2/15)

Altars:

Annotations:
D:2 Terence


Innate Abilities, Weirdness & Mutations

You are too large for most types of armour.
You have claws for hands.
Your natural rate of healing is unusually fast.
You are covered in fur. (AC +1)
You have tough skin. (AC +1)


Message History

Terence is no longer more vulnerable to fire.
Terence hits you with a +4 short sword of venom.
You scratch Terence but do no damage.
Terence is lightly wounded.
Terence hits you with a +4 short sword of venom!
You are poisoned.
You scratch Terence.
Terence is moderately wounded.
You feel very sick. Terence closely misses you.
You scratch Terence but do no damage.
Terence is moderately wounded.
You feel sick. Terence misses you.
You claw Terence!
Terence is severely wounded.
You feel sick. Terence hits you but does no damage.
You are more poisoned.
You feel very sick.
You feel very sick.
You feel sick.
You feel sick.
You feel sick.
Casting: Scorch (safe; 8% risk of failure)
Confirm with . or Enter, or press ? or * to list all spells.
You feel a surge of power!
Flames lash Terence but do no damage.
You feel sick. Terence closely misses you.
Unknown command.
Unknown command.
You barely miss Terence.
Terence is severely wounded.
You feel sick.
Terence hits you with a +4 short sword of venom.
* * * LOW HITPOINT WARNING * * *
It was a potion of curing.
You feel better.
Terence hits you with a +4 short sword of venom!
* * * LOW HITPOINT WARNING * * *
You scratch Terence but do no damage.
Terence is severely wounded.
Terence hits you with a +4 short sword of venom!
You die...

#....###...
#.......... #..>#
#...# ###...###
#####.......#
#........##.#
#...#.#@.##.#####
#####......@.........
#............†....#
#.##....#.#.#.#...#.#
#.##...#.............
#.##..###...#.###.#..
#.####.#.####.###....
#....................
#######.####.#####...
#.##.....#


You could see Terence.

Vanquished Creatures
  2 dart slugs (D:1)
  4 ball pythons
  3 endoplasms (D:1)
  2 giant cockroaches (D:1)
  3 goblins (D:1)
  A quokka (D:1)
  3 bats (D:1)
  A frilled lizard (D:1)
  5 kobolds (D:1)
  5 rats
29 creatures vanquished.

Notes
Turn   | Place    | Note
-------+----------+-------------------------------------------
     0 | D:1      | mandarbmax the Troll Cinder Acolyte began the quest for the
                  | Orb.
     0 | D:1      | Reached XP level 1. HP: 22/22 MP: 1/1
   182 | D:1      | Reached XP level 2. HP: 28/29 MP: 2/2
   299 | D:1      | Learned a level 2 spell: Scorch
   652 | D:1      | Reached XP level 3. HP: 25/36 MP: 3/3
   957 | D:2      | Noticed Terence
   974 | D:2      | Slain by Terence

Illustrated notes

Levels and vault maps discovered:
D:1:      dpeg_arrival_ternary, layout_loops_ring
D:2:      layout_loops_cross, kennysheep_generic_room_16, uniq_terence

Action                   || total
-------------------------++-------
Melee: Unarmed           ||    61
 Cast: Scorch            ||     8
  Use: Potion            ||     1
Armor: Robe              ||    19
Dodge: Dodged            ||    19

Table legend: (Time is in decaauts)
 A = Elapsed time spent in this place.
 B = Non-inter-level travel time spent in this place.
 C = Inter-level travel time spent in this place.
 D = Time resting spent in this place.
 E = Time spent auto-exploring this place.
 F = Levels seen in this place.
 G = Mean time per level.
                   A        B        C        D        E       F      G
               +--------+--------+--------+--------+--------+-----+--------+
         Total |    969 |    958 |     11 |      0 |    757 |   2 |  484.5 |
       Dungeon |    969 |    958 |     11 |      0 |    757 |   2 |  484.5 |
               +--------+--------+--------+--------+--------+-----+--------+

Top non-repeatable levels by time:
     D:1: 862 daAuts
     D:2: 107 daAuts
